woodfighter, chaotic female orcish Cavewoman ----------------------------------------------------------------------------- |...|$..|....*|...|..$...%*.....&.......................|...........|.......| |.|.|.|.|.---.|.|.|.-----------------------------------.|.---------.|.------| |.|...|.|...|.|.|...| ---------------------------|.|......<|..`|...|.|.....| |.|---|.|.---.|.|---| |.......|..|.........|.....|.|.--|.|.|.|.|.--|.|.---%| |.|$..|...|...|.|...|.||.......-..|.}}}}}}}.|^....|.|...|.|..$|.|.| |...|...| |.|.|.-----.|.|.|.|%|.||.O--|--|(.|.}}---}}.|---|-|.|--.|.---.|.|.| |.--|.--| |.|.|...|...|>....|...||..|....|..|.}-- --}.|..|..|*|...|...|.|..`|.|.|.|...| |.|.|.---.---.|------.||..|..>.|..|.}| d..}.|..|..|...-----.|.-----.|.|.---.| |...|.|"..|...|...|...||..|-------|.}-- --}.|..|..|.|%......|...|`..|.|...|.| |------.---.-----.|.---|).|...n...|.}}---}}%|..|%.|.|.|.-------.|.--|.|.|.|.| |.......|.........|.|.||..-......j|.}}}}}}}.|.)|%.|.|.|.|...|...|...|...|.|.| |.------|.-------.|.|.||..|..'.@q.|.......%%|..|%.|.|.|.|.|.|.--|.|.|.-----.| |..*....|..)|...|.|...||..|....O@H|--|--------|-)-|.|.|.|.|.|...|.|...|.....| |.-----.---.|.|.-----.||.+|+...gQP-..E%...........|.|.---.|.|--.|.|----.---.| |...|.|...|.|.|.......|---- ----------------------|.|.....|.|.|.|.|.....| |--.|.---.---.---------------------------------------------.|.|.---.----- |.......|........^.........................................`|.......| --------------------------------------------------------------------- woodfighter the Cave Woman Experience level: 12 Strength: 25 Dexterity: 18 Constitution: 18 Intelligence: 12 Wisdom: 14 Charisma: 7 Health: 0(107) Energy: 23(23) Def: 51 Gold: 0 Moves: 41541 Dungeon seed: SMEF5kCYg3noEGDT Game ID: woodfighter_1489573798 Your Inventory: Weapons C - 5 cursed +0 dwarvish spears (wielded) Armor e - a blessed burnt +4 pair of speed boots (being worn) g - a blessed +5 T-shirt (being worn) n - an uncursed +4 shield of reflection (being worn) E - an uncursed +0 helm of telepathy (being worn) F - a blessed +5 gray dragon scale mail (being worn) N - an uncursed thoroughly rusty +4 pair of gauntlets of power (being worn) V - an uncursed thoroughly burnt +5 cloak of displacement (being worn) Comestibles h - 2 uncursed cram rations J - an uncursed sprig of wolfsbane Z - an uncursed lizard corpse Rings i - an uncursed ring of levitation (on right hand) P - an uncursed ring of free action (on left hand) Wands k - a wand of cold (0:8) t - a wand of fire (0:3) A - a wand of create monster (0:14) D - a wand of digging (0:7) R - a wand of digging (0:5) S - a wand of cancellation (0:4) T - a wand of teleportation (0:6) X - a wand of striking (0:2) Tools o - a +0 unicorn horn p - a blessed magic lamp (lit) q - a -2 unicorn horn s - a blessed bag of holding y - an uncursed skeleton key M - an uncursed stethoscope W - a cursed towel Contents of the bag of holding: 174 gold pieces a [uncursed] amulet of ESP a cursed amulet of change a [uncursed] amulet of life saving a [cursed] amulet of restful sleep a [cursed] amulet of restful sleep an uncursed amulet of unchanging 4 uncursed eucalyptus leaves 3 uncursed food rations 2 uncursed lembas wafers 2 uncursed lizard corpses 5 [uncursed] lumps of royal jelly 2 uncursed sprigs of wolfsbane 2 uncursed scrolls of charging 5 uncursed scrolls of create monster 2 [cursed] scrolls of create monster a [uncursed] scroll of earth an uncursed scroll of enchant armor a [uncursed] scroll of identify a [cursed] scroll of identify a [blessed] scroll of punishment a [uncursed] scroll of remove curse 3 blessed scrolls of teleportation 14 uncursed scrolls of teleportation 3 cursed scrolls of teleportation a [uncursed] scroll of wishing a [blessed] scroll of wishing 3 [uncursed] potions of extra healing a [cursed] potion of extra healing an uncursed potion of gain level a [cursed] potion of gain level 4 uncursed potions of healing 3 potions of holy water 3 uncursed potions of invisibility a [blessed] potion of invisibility 3 uncursed potions of object detection a [uncursed] potion of oil 2 [uncursed] potions of speed a [uncursed] potion of water an uncursed ring of conflict a [uncursed] ring of conflict a [uncursed] ring of conflict an uncursed ring of fire resistance a [uncursed] ring of fire resistance an uncursed [+1] ring of gain constitution a [cursed] [-3] ring of gain strength a [uncursed] [+1] ring of increase accuracy a [blessed] [+1] ring of increase damage a cursed ring of invisibility a cursed ring of invisibility a [cursed] ring of invisibility an uncursed ring of levitation a [uncursed] ring of levitation an uncursed ring of polymorph control an uncursed ring of protection from shape changers an uncursed ring of see invisible a [cursed] ring of see invisible a [uncursed] ring of see invisible a cursed [-1] ring of stealth a [uncursed] ring of teleport control a [uncursed] ring of warning a [uncursed] ring of warning an uncursed wand of cold [0:6] a [uncursed] wand of cold [0:5] a [uncursed] wand of cold [0:6] an uncursed wand of create monster [0:12] an uncursed wand of create monster [0:12] a [uncursed] wand of create monster [0:15] a [uncursed] wand of create monster [0:5] a [uncursed] wand of create monster [0:11] a wand of death (0:2) a [uncursed] wand of death [0:0] an uncursed wand of digging [0:8] an uncursed wand of digging [0:7] a [blessed] wand of digging [0:3] a [uncursed] wand of digging [0:2] a [uncursed] wand of fire [0:7] an uncursed wand of light [0:11] a [uncursed] wand of lightning [0:5] a [uncursed] wand of magic missile [0:7] a [uncursed] wand of magic missile [0:4] a [uncursed] wand of make invisible [0:6] a [cursed] wand of opening [0:6] a [uncursed] wand of speed monster [0:4] a [uncursed] wand of striking [0:0] a [uncursed] wand of striking [0:7] a [uncursed] wand of striking [0:7] a wand of wishing (2:1) a can of grease (0:24) an uncursed magic whistle a blessed oil lamp (0:1005) an uncursed oil lamp [0:1230] an uncursed oil lamp [0:1029] an uncursed [+0] pick-axe a blessed luckstone Spells and supernatural/magical abilities: Name Level Category Fail Memory H - haste self 3* escape 100% 0% W - pray for help -- divine ? -- Your skills at the end: Miscellaneous Skills bare handed combat [Basic] shield [Skilled] stealth [Skilled] Weapon Skills scimitar [Basic] club [Expert] spear [Basic] sling [Basic] Spellcasting Skills Final Attributes: You were piously aligned. You were fire resistant. You were cold resistant. You were sleep resistant. You were disintegration-resistant. You were shock resistant. You were poison resistant. You were magic-protected. You saw invisible. You were telepathic. You had infravision. You were invisible to others. You were displaced. You were stealthy. You were levitating. You were protected. You were very fast. You had reflection. You had free action. You are dead (3rd time!). Vanquished creatures: Orcus Yeenoghu Juiblex The Wizard of Yendor a mammoth Vlad the Impaler Medusa 7 krakens an elder orange dragon 2 elder green dragons 12 iron golems a ki-rin a gray dragon 3 red dragons 2 white dragons an orange dragon 7 black dragons a blue dragon 2 green dragons 3 yellow dragons 2 storm giants 5 deep ettins a glass golem 6 balrogs The Great Fierce Beast 5 purple worms 17 minotaurs 6 jabberwocks 10 baluchitheria a young gray dragon a young silver dragon 3 young red dragons 7 young white dragons 3 young orange dragons 6 young black dragons 6 young blue dragons a young green dragon a demilich a stone golem a master mind flayer 8 Olog-hai 5 Nazgul 19 pit fiends 2 sandestins 2 hell hounds 6 titanotheres 7 trappers a baby white dragon a baby black dragon 15 baby green dragons 19 vampire lords 6 shades 5 skeletons 7 captains 3 liches 3 clay golems 13 nurses 9 ice devils 7 nalfeshnees 3 lurkers above 4 frost giants 3 golden nagas 6 black puddings 19 vampires 38 ghosts an ettin 6 lieutenants 2 queen bees 2 winged gargoyles 2 mind flayers 8 giant mimics 3 fire giants 3 ogre kings 7 Elvenkings 5 ice trolls 11 rock trolls 2 umber hulks 5 flesh golems 8 doppelgangers 15 hezrous 14 bone devils 4 salamanders 6 large mimics 3 wumpuses 2 fire vortices a baby long worm a baby purple worm 5 long worms 7 couatls 10 stalkers 5 air elementals 3 fire elementals 2 earth elementals 3 water elementals 20 hill giants 6 giant mummies a black naga 9 elf-lords 2 xorns 12 giant zombies 23 sergeants a barbed devil 37 vrocks 14 wargs 3 winter wolves 9 hell hound pups 3 quantum mechanics 29 small mimics 7 island nymphs a glass piercer 9 warhorses 5 steam vortices 11 xans 5 ettin mummies an ogre lord 58 trolls 2 sasquatches a wood golem 5 mariliths 5 pyrolisks a large dog 3 freezing spheres 6 flaming spheres 3 shocking spheres a large cat 9 tigers 4 gargoyles a dwarf king a tengu 7 gelatinous cubes 9 ochre jellies a crocodile 13 chameleons 11 leocrottas 4 energy vortices 2 giants 2 elf mummies 3 human mummies a red naga 6 green slimes 22 Grey-elves 6 pit vipers 3 pythons 3 cobras 32 wraiths 11 ettin zombies 2 leather golems 39 soldiers a horned devil 9 succubi 13 incubi 7 giant beetles 15 cockatrices 8 wolves a winter wolf cub 5 black lights 5 lynxes 3 gremlins 31 leprechauns 4 quivering blobs a spotted jelly 9 lizards 6 mountain nymphs 7 orc-captains 2 mumakil 9 giant spiders 6 scorpions 9 iron piercers 5 horses 4 ice vortices 9 vampire bats 2 forest centaurs 4 gnome kings 5 orc mummies a dwarf mummy an ogre 4 brown puddings 8 Green-elves 6 rust monsters 9 owlbears 2 yetis 2 gold golems 11 werewolves 2 piranhas 7 giant eels a neanderthal 5 chickatrices 3 dogs a housecat 6 dwarf lords 3 blue jellies 2 water nymphs 3 white unicorns 4 gray unicorns a black unicorn 4 dust vortices 35 ravens a plains centaur a gnome mummy 10 Woodland-elves 3 snakes 10 apes 22 human zombies 2 rope golems 7 soldier ants a fire ant 12 yellow lights 46 bugbears a quasit 3 baby crocodiles 7 wood nymphs 2 Mordor orcs 8 Uruk-hai 3 orc shamans 2 rock moles 5 rock piercers 2 ponies 2 fog clouds 5 shriekers 4 violet fungi 15 gnome lords 6 gnomish wizards 5 kobold mummies a red naga hatchling a black naga hatchling a guardian naga hatchling 2 gray oozes 2 barrow wights 10 elf zombies 17 ghouls a straw golem 2 paper golems a jellyfish 8 giant ants 3 puppies 2 floating eyes a kitten 18 dwarves 4 homunculi 3 kobold lords 2 kobold shamans 7 iguanas a hill orc a rothe 3 rabid rats 3 centipedes 7 jitterbugs 5 giant bats 8 monkeys 22 orc zombies 13 dwarf zombies a wererat 6 werejackals 39 killer bees a coyote 4 gas spores 5 hobbits 4 acid blobs 4 large kobolds 8 geckos 5 hobgoblins 11 giant rats 7 cave spiders a brown mold 3 yellow molds 3 green molds 3 red molds 64 gnomes 24 garter snakes 2 manes 18 gnome zombies 10 jackals a fox 2 kobolds 8 newts 4 goblins a sewer rat 10 grid bugs 8 bats 8 lichens 17 kobold zombies 1893 creatures vanquished. Genocided species: hobbits dwarves bugbears dwarf lords dwarf kings quantum mechanics mind flayers master mind flayers liches demiliches master liches arch-liches rust monsters disenchanters xorns umber hulks ettins deep ettins 18 species genocided. Voluntary challenges: You had been an atheist until turn 4615. You used a wielded weapon 4513 times, starting on turn 69. You did not use sinks. You read items or engraved 49 times, starting on turn 4724. You genocided 18 types of monsters, starting on turn 34356. You never polymorphed an object. You never changed form. You completed Sokoban on turn 7225, according to the rules. You used 5 wishes, starting on turn 4314. You wished for your your first artifact on turn 26119. You never split a pudding. You never wrote Elbereth's name. You violated your moral code, losing 2 points of alignment, starting on turn 33414. Dungeon overview: The Dungeons of Doom: levels 1 to 30 Level 1 a long staircase Level 2 Level 3 (vault) a general store Level 4 a fountain stairs to The Gnomish Mines Level 5 some fountains Level 6 ( ) Level 7 (unicorn) a fountain Level 8 a sink Level 9 (nymph) many fountains Level 10 stairs to Sokoban Level 11 some altars to Ishtar and Anshar, a fountain Level 12 a fountain Level 13 a temple to Ishtar Level 14 Level 15 an altar to Anu Level 16 (quest + rogue) portal to The Quest Level 17 Level 18 (vault) a scroll shop, a sink Level 19 some altars to Anu and Anshar Level 20 (bones: cursed boh) Level 21 (vault) Level 22 a fountain Level 23 (vault) some fountains Level 24 (medusa) a fountain, many trees Level 25 Level 26 Level 27 Level 28 Level 29 some fountains Level 30 a magic chest, a fountain Gehennom: levels 31 to 57 Level 31 a temple to Moloch, a magic chest stairs to The Dungeons of Doom Level 32 Level 33 Level 34 Level 35 a magic chest Level 36 Level 37 Level 38 Level 39 (juiblex) stairs to Vlad's Tower Level 40 Level 41 (dispater) a magic chest Level 42 Level 43 Level 44 Level 45 (orcus) some shops, an altar to Moloch, a magic chest Level 46 Level 47 Level 48 (wizard top) <- You were here a magic chest Level 49 Level 50 portal to Gehennom Level 51 Level 52 Level 53 portal to Gehennom Level 54 Level 55 Level 56 Level 57 The Gnomish Mines: levels 5 to 13 Level 5 stairs to The Dungeons of Doom Level 6 Level 7 many shops, a temple to Ishtar, a magic chest, some fountains, a sink Level 8 Level 9 Level 10 Level 11 Level 12 Level 13 some altars to Moloch, a magic chest, some fountains The Quest: levels 1 to 5 Level 1 an altar to Anshar, a magic chest portal to The Dungeons of Doom Level 2 Level 3 Level 4 Level 5 Sokoban: levels 6 to 9 Level 6 a magic chest Level 7 Level 8 Level 9 an altar to Anshar, a magic chest stairs to The Dungeons of Doom Vlad's Tower: levels 36 to 38 Level 36 Level 37 an altar to Moloch, a magic chest Level 38 stairs to Gehennom History has recorded: On T:1 you entered the Dungeons of Doom to retrieve the Amulet of Yendor! On T:102 you reached level 2 of The Dungeons of Doom. On T:380 you advanced to experience level 2. On T:537 you reached level 3 of The Dungeons of Doom. On T:956 you reached level 4 of The Dungeons of Doom. On T:1131 you advanced to experience level 3. On T:1502 you reached level 5 of The Dungeons of Doom. On T:1524 you reached level 1 of The Gnomish Mines. On T:1662 you advanced to experience level 4. On T:2035 you advanced to experience level 5. On T:2047 you reached level 6 of The Dungeons of Doom. On T:2266 you advanced to experience level 6. On T:2361 you advanced to experience level 7. On T:2985 you reached level 7 of The Dungeons of Doom. On T:3177 you reached level 8 of The Dungeons of Doom. On T:3462 you advanced to experience level 8. On T:3600 you reached level 9 of The Dungeons of Doom. On T:4037 you reached level 10 of The Dungeons of Doom. On T:4195 you reached level 4 of Sokoban. On T:4314 you wished for "+3 blessed fixed greased gray dragon scale mail". On T:4339 you reached level 11 of The Dungeons of Doom. On T:4615 you prayed to Anshar. On T:4721 you opened a magic chest. On T:4940 you reached level 3 of Sokoban. On T:5610 you reached level 2 of Sokoban. On T:6409 you reached level 1 of Sokoban. On T:7225 you advanced to experience level 9. On T:7225 you entered the Sokoban zoo. On T:8295 you reached level 2 of The Gnomish Mines. On T:8439 you reached level 3 of The Gnomish Mines. On T:8983 you entered the Minetown temple On T:9240 you reached level 4 of The Gnomish Mines. On T:9637 you reached level 5 of The Gnomish Mines. On T:9763 you reached level 6 of The Gnomish Mines. On T:10060 you reached level 7 of The Gnomish Mines. On T:10466 you advanced to experience level 10. On T:10535 you reached level 8 of The Gnomish Mines. On T:10788 you reached level 9 of The Gnomish Mines. On T:10788 you reached the bottom of the Mines. On T:12845 you reached level 12 of The Dungeons of Doom. On T:12939 you reached level 13 of The Dungeons of Doom. On T:13087 you reached level 14 of The Dungeons of Doom. On T:13612 you reached level 15 of The Dungeons of Doom. On T:13819 you reached level 16 of The Dungeons of Doom. On T:13819 you entered the Rogue tribute level. On T:14710 you reached level 1 of The Quest. On T:14965 you reached level 17 of The Dungeons of Doom. On T:15037 you reached level 18 of The Dungeons of Doom. On T:16092 you advanced to experience level 11. On T:16354 you reached level 19 of The Dungeons of Doom. On T:16603 you reached level 20 of The Dungeons of Doom. On T:17382 you prayed to Anshar. On T:18124 you reached level 21 of The Dungeons of Doom. On T:18728 you reached level 22 of The Dungeons of Doom. On T:19129 you reached level 23 of The Dungeons of Doom. On T:19166 you reached level 24 of The Dungeons of Doom. On T:20541 you advanced to experience level 12. On T:20712 you reached level 25 of The Dungeons of Doom. On T:20746 you killed Medusa on level 25 of The Dungeons of Doom. On T:20749 you reached level 26 of The Dungeons of Doom. On T:21168 you advanced to experience level 13. On T:22196 you advanced to experience level 14. On T:22396 you embarked upon an epic quest. On T:22452 you reached level 2 of The Quest. On T:22544 you reached level 3 of The Quest. On T:23172 you reached level 4 of The Quest. On T:23329 you reached level 5 of The Quest. On T:23571 you killed Great Fierce Beast on level 3 of The Quest. On T:23694 you completed the quest! On T:24720 you reached level 27 of The Dungeons of Doom. On T:25943 you reached level 28 of The Dungeons of Doom. On T:26052 you reached level 29 of The Dungeons of Doom. On T:26119 you wished for "the blessed greased fixed master key of thievery". On T:26850 you reached The Castle. On T:27082 you reached The Valley of the Dead. On T:30425 you reached level 2 of Gehennom. On T:30456 you wished for "+3 fixed blessed ring of protection". On T:31361 you reached level 3 of Gehennom. On T:31563 you reached level 4 of Gehennom. On T:32100 you reached level 6 of Gehennom. On T:32186 you reached level 7 of Gehennom. On T:32343 you reached level 8 of Gehennom. On T:32676 you reached level 5 of Gehennom. On T:33579 you reached level 9 of Gehennom. On T:33668 you killed Juiblex on level 9 of Gehennom. On T:33682 you reached level 3 of Vlad's Tower. On T:33685 you reached level 10 of Gehennom. On T:33884 you reached level 2 of Vlad's Tower. On T:33928 you reached level 1 of Vlad's Tower. On T:34142 you killed Vlad the Impaler on level 1 of Vlad's Tower. On T:34149 you wished for "2 blessed scrolls of consecration". On T:34354 you wished for "2 blessed scrolls of genocide". On T:34595 you reached level 11 of Gehennom. On T:35018 you reached level 12 of Gehennom. On T:35236 you reached level 13 of Gehennom. On T:35580 you reached level 14 of Gehennom. On T:35828 you reached level 15 of Gehennom. On T:36395 you reached level 16 of Gehennom. On T:36680 you advanced to experience level 15. On T:36770 you reached level 18 of Gehennom. On T:36829 you reached level 19 of Gehennom. On T:37009 you reached level 17 of Gehennom. On T:37431 you killed Orcus on level 16 of Gehennom. On T:37627 you killed Yeenoghu on level 16 of Gehennom. On T:38049 you reached level 20 of Gehennom. On T:38206 you reached level 21 of Gehennom. On T:38645 you reached level 22 of Gehennom. On T:38737 you reached level 24 of Gehennom. On T:38758 you reached level 23 of Gehennom. On T:39696 you reached level 25 of Gehennom. On T:39736 you reached level 26 of Gehennom. On T:39885 you reached level 27 of Gehennom. On T:40543 you advanced to experience level 16. On T:40574 you were saved from death by your amulet of life saving! On T:40633 you were saved from death by your amulet of life saving! Score breakdown: Gold: 174 ( 17 points) Experience: 12 levels ( 1100 points) Exploration: 57 levels ( 1680 points) Discoveries: 112 items ( 2000 points) Variety of kills: 281 monsters ( 2000 points) Major goal: killed Vlad the Impaler ( 2500 points) Survival: died (score multiplied by 3) Total score: 27891 Latest messages: The invisible ogre king swings his club at the cavewoman. The invisible ogre king misses. The baluchitherium misses. The baluchitherium just misses! The Wizard of Yendor punches you! The Wizard of Yendor casts a spell at you! Oh no, he's using the touch of death! You resist it. You jab the ochre jelly! The ochre jelly turns to flee! You jab the ochre jelly! You are splashed by the ochre jelly's acid! The Elvenking swings his runed broadsword at the cavewoman. The Elvenking misses. The Elvenking swings his runed broadsword at the cavewoman. The Elvenking misses. The winged gargoyle claws you! (2x) The winged gargoyle bites! The minotaur punches you! (2x) The minotaur butts! The invisible ogre king swings his club at the cavewoman. The invisible ogre king misses. The green slime misses. The baluchitherium claws you! The baluchitherium just misses! The Wizard of Yendor punches you! You die... Final status: Goodbye woodfighter the Cavewoman, killed by the Wizard of Yendor... You died in Gehennom on dungeon level 48 with 27891 points, and 174 pieces of gold, after 41541 moves. You were level 12 with a maximum of 107 hit points when you died.